 Dungeon Crawl Stone Soup version 0.31-a0-83-gbff143cfd1 (webtiles) character file.

Game seed: 10262423862080392620

6182 Mahakala the Cleaver (level 10, -14/91 HPs)
             Began as a Minotaur Berserker on May 24, 2023.
             Was an Elder of Trog.
             Demolished by an orc warlord
             ... wielding a +6 battleaxe
              (29 damage)
             ... in a bailey.
             The game lasted 00:25:38 (8177 turns).

Mahakala the Cleaver (Minotaur Berserker)           Turns: 8177, Time: 00:25:39

Health: -14/91     AC: 12    Str: 24    XL:     10   Next: 60%
Magic:  9/9        EV:  9    Int:  6    God:    Trog [****..]
Gold:   594        SH:  0    Dex: 10    Spells: 9/9 levels left

rFire   + . .        a - +0 war axe
rCold   . . .        (no shield)
rNeg    . . .        x - +0 chain mail {rF+}
rPois   .            (helmet restricted)
rElec   .            (no cloak)
rCorr   .            (no gloves)
SInv    .            d - +0 pair of boots
Will    .....        (no amulet) Stlth
                     (no ring)
HPRegen 0.35/turn    (no ring)
MPRegen 0.11/turn

%: no passive effects
@: on berserk cooldown, slowed, very slow
A: horns 2, retaliatory headbutt
a: Renounce Religion, Berserk, Trog's Hand, Brothers in Arms


You were in a bailey.
You worshipped Trog.
Trog was greatly pleased with you.
You visited 1 branch of the dungeon, and saw 9 of its levels.
You also visited: Sewer and Bailey.

You collected 650 gold pieces.
You spent 56 gold pieces at shops.

Inventory:

Hand Weapons
 a - a +0 war axe (weapon)
 r - a +0 hand axe
Missiles
 o - 6 datura-tipped darts {!f}
 q - 36 poisoned darts (quivered)
 w - 26 boomerangs
Armour
 d - a +0 pair of boots (worn)
 x - a +0 chain mail of fire resistance (worn)
Jewellery
 b - a ring of fire
 n - the ring "Limeamas" {*Corrode rPois Str+4 Dex+4 SInv}
   (You found it on level 6 of the Dungeon)

   [ring of see invisible]

   Str:       It affects your strength (+4).
   Dex:       It affects your dexterity (+4).
   rPois:     It protects you from poison.
   SInv:      It lets you see invisible.
   *Corrode:  It may corrode you when you take damage.
 y - a ring of ice
 H - an amulet of guardian spirit
 I - a +5 ring of evasion
 J - a ring of magical power
Wands
 t - a wand of flame (23)
 u - a wand of paralysis (5)
 E - a wand of polymorph (6)
Scrolls
 c - a scroll of magic mapping
 g - 3 scrolls of enchant armour {unknown}
 h - 2 scrolls of fear
 i - 4 scrolls of teleportation {@r4}
 j - a scroll of vulnerability {unknown}
 k - 5 scrolls of blinking {@r3}
 s - a scroll of poison
 v - a scroll of silence {unknown}
 C - 2 scrolls of immolation {unknown}
 G - a scroll of fog {unknown}
Potions
 e - 2 potions of lignification
 f - a potion of attraction
 l - 2 potions of cancellation
 m - 2 potions of haste {@q3}
 p - a potion of might {unknown}
 z - 2 potions of berserk rage {unknown}
 A - a potion of ambrosia {unknown}
 B - a potion of curing {unknown}
 D - 3 potions of heal wounds {@q2}
 F - a potion of degeneration {unknown}
 K - 2 potions of magic


   Skills:
 - Level 9.0 Fighting
 - Level 14.0 Axes
 + Level 2.8 Throwing
 - Level 9.0 Armour
 - Level 2.1 Dodging
 - Level 4.0 Evocations


You had 9 spell levels left.
You didn't know any spells.
Your spell library was empty.

Dungeon Overview and Level Annotations

Branches:
Dungeon (9/15)             Temple (0/1) D:4           Sewer (visited)
 Bailey (1/1)
   Lair: D:8-11         Orc: D:9-12

Altars:
Sif Muna

Shops:
D:8 =?=!

Annotations:
D:8 1 transporter, LobsterGuardian's ghost, novice GnWn
D:9 exclusion: ice statue


Innate Abilities, Weirdness & Mutations

You have a pair of horns on your head.
You reflexively headbutt those who attack you in melee.


Message History

The orc warlord is moderately wounded.
You slice the orc warlord!!
The orc warlord is heavily wounded.
The orc warlord hits you with a +6 battleaxe!!
You closely miss the orc warlord. You headbutt the orc warlord!
The orc warlord is heavily wounded.
The orc warlord hits you with a +6 battleaxe!!
* * * LOW HITPOINT WARNING * * *
You slash the orc warlord!
The orc warlord is severely wounded.
You barely miss the orc warlord. Your headbutt misses the orc warlord.
The orc warlord is severely wounded.
The orc warlord hits you with a +6 battleaxe.
* * * LOW HITPOINT WARNING * * *
You slash the orc warlord! You headbutt the orc warlord!
The orc warlord is almost dead.
You are no longer berserk.
You are exhausted.
You feel yourself slow down.
You hit the orc warlord but do no damage.
Your headbutt misses the orc warlord.
The orc warlord is almost dead.
The orc warlord hits you with a +6 battleaxe!
* * * LOW HITPOINT WARNING * * *
The orc warlord hits you with a +6 battleaxe!
* * * LOW HITPOINT WARNING * * *
You hit the orc warlord.
The orc warlord is almost dead.
The orc warlord splashes around in the water.
You closely miss the orc warlord. Your headbutt misses the orc warlord.
The orc warlord is almost dead.
The orc warlord splashes around in the water.
Aiming: Paralyse
Press: ? - help, Shift-Dir - straight line, f - orc warlord
Aim: an orc warlord, wielding a +6 battleaxe and wearing a +0 chain mail (almost dead, chance to affect: 25%)
Okay, then.
You closely miss the orc warlord. You headbutt the orc warlord.
The orc warlord is almost dead.
The orc warlord hits you with a +6 battleaxe!!
You die...

##### ##### ##...## ##...##
##.....## ##.....##
##.......#######.......##
##..8..8...........8..8..##
#.........................#
#.........................#
#...8...)..#@''#......8...#
##......####~o~####......##
♣##.....#~~~~~~~~~#.....##♣
♣.##....#~.8...8.~#....##.♣
♣♣..###'###.......###)###..♣♣
♣...~~~.#~~.8...8.~~#.)~~...♣
♣♣...~~~.#~.........~#.~~~...♣♣
♣∩...~~~.#~....∩....~#.~~~...∩♣
♣♣...~~~.##.........##.~~~...♣♣


You could see an orc warlord.

Vanquished Creatures
  Erica (D:8)
  A gargoyle (D:7)
  A vampire (D:9)
  3 yaks (D:8)
  2 wyverns
  2 steam dragons
  3 vampire mosquitoes (D:8)
  Edmund (D:4)
  A water moccasin (D:7)
  5 orc warriors (Bailey)
  Pargi (Sewer)
  2 ice beasts (D:7)
  A sky beast (D:6)
  A black bear (D:6)
  2 ogres (D:6)
  3 phantoms
  4 centaurs
  3 kobold brigands
  4 bullfrogs
  7 scorpions
  4 killer bees (D:8)
  4 jellies
  3 orc priests (D:4)
  A sleepcap (D:4)
  6 hounds
  6 iguanas
  Natasha (twice) (D:4)
  2 orc wizards (D:4)
  Robin (D:4)
  2 gnolls (Bailey)
  6 adders
  2 white imps
  5 ufetubi
  2 worms (D:2)
  3 dart slugs
  17 orcs
  8 bats
  3 endoplasms
  8 giant cockroaches
  18 goblins
  12 hobgoblins
  A jackal (D:2)
  24 kobolds
  6 quokkas
  5 ball pythons
  3 frilled lizards
  9 rats
211 creatures vanquished.

Notes
Turn   | Place    | Note
-------+----------+-------------------------------------------
     0 | D:1      | Mahakala the Minotaur Berserker began the quest for the
                  | Orb.
     0 | D:1      | Reached XP level 1. HP: 19/19 MP: 0/0
    24 | D:1      | Found a faded altar of an unknown god.
   104 | D:1      | Reached skill level 4 in Axes
   169 | D:1      | Reached XP level 2. HP: 27/27 MP: 1/1
   485 | D:2      | Reached XP level 3. HP: 23/33 MP: 2/2
   820 | D:2      | Reached skill level 5 in Axes
  1140 | D:2      | Found a shimmering blue altar of Sif Muna.
  1269 | D:3      | Reached ** piety under Trog
  1270 | D:3      | Reached XP level 4. HP: 40/41 MP: 3/3
  1782 | D:4      | Noticed a scorpion
  1790 | D:4      | Killed a scorpion
  1791 | D:4      | Reached skill level 5 in Fighting
  1791 | D:4      | Reached skill level 6 in Axes
  1791 | D:4      | Reached XP level 5. HP: 48/48 MP: 4/4
  1924 | D:4      | Noticed Edmund
  1924 | D:4      | Noticed Natasha
  1939 | D:4      | Killed Edmund
  1940 | D:4      | Reached skill level 7 in Axes
  1940 | D:4      | Reached XP level 6. HP: 57/57 MP: 5/5
  1943 | D:4      | Killed Natasha
  2084 | D:4      | Noticed Robin
  2100 | D:4      | Killed Robin
  2338 | D:4      | Reached skill level 8 in Axes
  2385 | D:5      | Entered Level 5 of the Dungeon
  2399 | D:5      | Reached XP level 7. HP: 50/63 MP: 6/6
  2515 | D:5      | Reached skill level 9 in Axes
  2694 | D:5      | Found a glowing drain.
  2707 | Sewer    | Entered a sewer
  2777 | Sewer    | Noticed Pargi
  2787 | Sewer    | Killed Pargi
  2877 | D:5      | Reached skill level 5 in Armour
  2877 | D:5      | Reached XP level 8. HP: 70/70 MP: 7/7
  2996 | D:5      | Identified the +6 scale mail of Agoraphobia {-Tele rN++}
  3000 | D:5      | Reached skill level 10 in Axes
  3056 | D:5      | Reached *** piety under Trog
  3321 | D:4      | Noticed Natasha
  3327 | D:4      | Killed Natasha
  3505 | D:4      | Found a staircase to the Ecumenical Temple.
  3541 | D:4      | Reached skill level 11 in Axes
  4107 | D:6      | Identified the ring "Limeamas" {*Corrode rPois Str+4 Dex+4
                  | SInv}
  4200 | D:6      | Reached skill level 12 in Axes
  4437 | D:6      | Reached XP level 9. HP: 70/78 MP: 8/8
  4673 | D:6      | Reached **** piety under Trog
  4885 | D:7      | Reached skill level 1 in Evocations
  5106 | D:7      | Noticed a gargoyle
  5123 | D:7      | Killed a gargoyle
  5401 | D:7      | Reached skill level 13 in Axes
  6089 | D:8      | Found Ymnam's Jewellery Boutique.
  6143 | D:8      | Found Dotag's Jewellery Emporium.
  6164 | D:8      | Noticed LobsterGuardian's ghost (novice GnWn)
  6198 | D:8      | Found Cymn's Magic Scroll Emporium.
  6216 | D:8      | Bought a scroll of fear for 56 gold pieces
  6239 | D:8      | Noticed Erica
  6258 | D:8      | Killed Erica
  6259 | D:8      | Reached XP level 10. HP: 72/91 MP: 9/9
  6390 | D:8      | Found Jihoic's Distillery.
  6436 | D:8      | Reached skill level 14 in Axes
  6843 | D:8      | Found a transporter.
  7208 | D:9      | Noticed an ice statue
  7460 | D:9      | Found a flagged portal.
  7476 | Bailey   | Entered a bailey
  7512 | Bailey   | Noticed an orc warlord
  7687 | Bailey   | Reached skill level 1 in Throwing
  7819 | Bailey   | Found a runed translucent gate.
  7821 | Bailey   | Found a runed translucent gate.
  7823 | Bailey   | Found a runed translucent gate.
  8177 | Bailey   | Demolished by an orc warlord

Illustrated notes

Levels and vault maps discovered:
D:1:      zelgadis_glass_arrival_small, layout_rooms,
          chequers_ecumenical_altar_simple_redux, st_stairs_9
D:2:      layout_loops_ring, basic_altar, minmay_tetromino_i2
D:3:      layout_rooms, minmay_misc_feat_ornament
D:4:      minmay_opposing_rooms, layout_gridville, minmay_temple_entry_tees,
          uniq_natasha, uniq_edmund, uniq_robin
D:5:      layout_cave_pools, portal_sewer_entry_d, solitary_fountain,
          grunt_ministairs_15, minmay_fountain_box, minmay_crossroads
D:6:      cheibrodos_thug_alley, layout_rooms, chequers_arboretum,
          minmay_misc_feat_five
D:7:      layout_basic, hangedman_abyss_or_decor_lesser_grid, minmay_liquid_box
D:8:      layout_rooms, gammafunk_ghost_stat_death, serial_shops, shop, shop,
          shop, nicolae_shop_hallway_plus, grunt_ministairs_13,
          nicolae_benzene_ring, chequers_serial_rivers_micro_e, uniq_erica
D:9:      layout_basic, enter_bailey_4, hangedman_decor_clover_reticule,
          minivault_16
Bailey:   bailey_axe_bossmonster_kennysheep, bailey

Skill      XL: |  1  2  3  4  5  6  7  8  9 10 |
---------------+-------------------------------+-----
Axes           | 4 5 6 7 8 9 12 13 14 | 14.0
Fighting       | 4 5 6 9 |  9.0
Armour         | 5 6 9 |  9.0
Evocations     | 4 |  4.0
Throwing       | 2 |  2.8
Dodging        | |  2.1

Action                     |  1- 3 |  4- 6 |  7- 9 | 10-12 || total
---------------------------+-------+-------+-------+-------++-------
  Melee: Hand axe          |    83 |    74 |       |       ||   157
         Headbutt          |    15 |    11 |    52 |    19 ||    97
         War axe           |       |     6 |   277 |   151 ||   434
         Punch             |       |       |     1 |     3 ||     4
  Throw: Dart              |       |       |       |     1 ||     1
 Invoke: Berserk           |       |     2 |     5 |     3 ||    10
         Trog's Hand       |       |       |     2 |     1 ||     3
         Brothers in Arms  |       |       |       |     1 ||     1
    Use: Scroll            |     5 |       |     8 |       ||    13
 Armour: Animal skin       |     1 |       |       |       ||     1
         Scale mail        |    30 |    22 |    49 |       ||   101
         Leather armour    |     1 |       |       |       ||     1
         Chain mail        |       |       |    89 |    61 ||   150
  Dodge: Dodged            |    43 |    45 |   129 |    46 ||   263

Table legend: (Time is in decaauts)
 A = Elapsed time spent in this place.
 B = Non-inter-level travel time spent in this place.
 C = Inter-level travel time spent in this place.
 D = Time resting spent in this place.
 E = Time spent auto-exploring this place.
 F = Levels seen in this place.
 G = Mean time per level.
                   A        B        C        D        E       F      G
               +--------+--------+--------+--------+--------+-----+--------+
         Total |   8239 |   7966 |    273 |   1289 |   4184 |  11 |  749.0 |
       Dungeon |   7392 |   7119 |    273 |    992 |   4034 |   9 |  821.3 |
         Sewer |    153 |    153 |      0 |     66 |      0 |   1 |  153.0 |
        Bailey |    693 |    693 |      0 |    231 |    149 |   1 |  693.0 |
               +--------+--------+--------+--------+--------+-----+--------+

Top non-repeatable levels by time:
     D:4: 1198 daAuts
     D:8: 1175 daAuts
     D:7: 1142 daAuts
     D:5: 1007 daAuts
     D:6: 829 daAuts
     D:2: 746 daAuts
  Bailey: 693 daAuts
     D:3: 523 daAuts
     D:1: 439 daAuts
     D:9: 331 daAuts
   Sewer: 153 daAuts
